 Dungeon Sprint DCSS version 0.21-a0-91-ga5031da (webtiles) character file.

9730 Kidiri the Unseen (level 11, -7/58 HPs)
             Began as a Spriggan Enchanter on June 30, 2017.
             Was an Elder of Dithmenos.
             Mangled by a hell hog (14 damage)
             ... in the Dungeon (Sprint II: "The Violet Keep of Menkaure").
             The game lasted 00:10:47 (1913 turns).

Kidiri the Unseen (Spriggan Enchanter)              Turns: 1913, Time: 00:10:48

Health: -7/58      AC:  3    Str:  4    XL:     11   Next: 26%
Magic:  20/29      EV: 36    Int: 19    God:    Dithmenos [****..]
Gold:   993        SH:  0    Dex: 23    Spells: 25/37 levels left

rFire    . . .     SeeInvis +   b - +1 rapier (freeze)
rCold    . . .     Gourm    .   (shield restricted)
rNeg     + . .     Faith    .   k - +1 robe of Qazlal's Delight {rElec rN+}
rPois    .         Spirit   .   (helmet restricted)
rElec    +         Reflect  .   (no cloak)
rCorr    .         Harm     .   (gloves unavailable)
MR       +....     Rnd*Rage +   (boots unavailable) Stlth ++++++++++NoTele +
                                (no amulet)
HPRegen  0.19/turn              l - +3 ring of dexterity
MPRegen  0.21/turn              u - +2 ring of evasion

@: wreathed by umbra, very quick
A: unfitting armour, thin skeletal structure 1, see invisible, berserk 1,
herbivore 3, speed 3, mutation resistance 1, slow metabolism 2
a: Shadow Step, Renounce Religion


You were in the Dungeon.
You worshipped Dithmenos.
Dithmenos was greatly pleased with you.
You were not hungry.

You visited 1 branch You collected 1683 gold pieces.
You spent 690 gold pieces at shops.

Inventory:

Hand Weapons
 b - a +1 rapier of freezing (weapon)
Armour
 k - the +1 robe of Qazlal's Delight (worn) {rElec rN+}
   (You bought it in a shop in the Dungeon)

   It insulates you from electricity.
   It protects you from negative energy.
Jewellery
 l - a +3 ring of dexterity (left hand)
 r - an uncursed ring of magical power
 u - a +2 ring of evasion (right hand)
Scrolls
 j - 2 scrolls of blinking
 m - 3 scrolls of remove curse
 n - 2 scrolls of recharging {unknown}
 t - a scroll of magic mapping {unknown}
 v - a scroll of random uselessness {unknown}
 x - a scroll of fear {unknown}
Potions
 e - a potion of curing
 f - a potion of heal wounds
 g - 3 potions of haste
 h - 5 potions of magic
 i - a potion of berserk rage
 o - a potion of cancellation
 p - a potion of mutation
 s - 3 potions of resistance
 w - 3 potions of flight {unknown}
Books
 c - a book of Maledictions

   Spells                             Type                      Level
   a - Corona                         Hexes                        1
   b - Ensorcelled Hibernation        Hexes/Ice                    2
   c - Confuse                        Hexes                        3
   d - Tukima's Dance                 Hexes                        3
   e - Dazzling Spray                 Conjuration/Hexes            3
Comestibles
 d - a bread ration
 z - a royal jelly


   Skills:
 + Level 7.0 Fighting
 * Level 12.6 Short Blades
 + Level 6.4 Armour
 * Level 15.9 Dodging
 * Level 17.3 Stealth
 * Level 13.8 Spellcasting
 + Level 10.8 Hexes
 + Level 6.1 Invocations


You had 25 spell levels left.
You knew the following spells:

 Your Spells              Type           Power        Failure   Level  Hunger
a - Corona                Hex            ######.      1%          1    None
b - Ensorcelled Hibernat  Hex/Ice        ####..       1%          2    None
c - Confuse               Hex            ######..     1%          3    None
d - Tukima's Dance        Hex            ######..     1%          3    None
e - Dazzling Spray        Conj/Hex       ####..       1%          3    None


Dungeon Overview and Level Annotations

Branches:
Dungeon (1/1)

Altars:
Cheibriados
Dithmenos
Elyvilon
Fedhas
Gozag
Hepliaklqana
Kikubaaqudgha
Makhleb
Nemelex Xobeh
Okawaru
Qazlal
Ru
Sif Muna
Trog
Uskayaw
Vehumet
Wu Jian
Xom
Yredelemnul
Zin
The Shining One
Beogh
Jiyva
Lugonu

Shops:
D [:[==!%(=!?[=!}:

Annotations:
D exclusions: ice statue and oklob plant


Innate Abilities, Weirdness & Mutations

You are very small and have problems with some larger weapons.
You are too small for most types of armour.
You have supernaturally acute eyesight. (SInv)
You are a herbivore.
You cover ground extremely quickly.
You need consume almost no food.
You have a somewhat thin skeletal structure. (Dex +2, Stealth)
You tend to lose your temper in combat.
You are somewhat resistant to further mutation.


Message History

The hell hog squeals angrily.
The fireball engulfs the hell hog.
The hell hog resists.
The hell hog completely misses you.
Unknown command.
Unknown command.
Casting: Ensorcelled Hibernation
Confirm with . or Enter, or press ? or * to list all spells.
Aiming: Dazzling Spray
Press: ? - help, Shift-Dir - straight line, f/p - hell hog
Aim: a hell hog (black smoke, moderately wounded, umbra)
The spray of energy hits the hell hog.
The hell hog is heavily wounded.
The spray of energy hits the hell hog.
The hell hog is heavily wounded.
The hell hog squeals angrily.
The hell hog is no longer blind.
The hell hog completely misses you. The hell hog bites you.
* * * LOW HITPOINT WARNING * * *
The hell hog completely misses you. The hell hog bites you!
You die...

+#### ▓▓▓ .§§§§.§## ..▓ §§§§§§.##
▓▓+▓▓▓▓.▓ .§8§§...##++##
+...▓0..▓ # .§§§§.##≈...###
#§§.▓▓▓▓▓▓ ≈## §.§. e≈.....#
#...▓≈≈≈≈§ ##≈≈#+++#+++#####§...#
##})▓▓▓▓▓▓ #≈≈≈.........#§h@§...#
k#:)▓...). #≈≈≈≈.##+##..#§h####.#
.#)=▓.)...
#≈≈≈≈##.#.##.####%.+^##.#§§▓.[.[[
#≈≈≈≈#.###.#....#..#...####▓.)[()
#≈≈####.#.####..#####.^##.#▓.)..[
#≈##.###'###.##..# +..#..#▓%.(..
#≈##..##.##.#.#..# #..#..#▓)..(.
+≈+.##'.<.'##.'..####..##.#▓(.)..
#≈##..##.###..#....###...##▓▓▓▓▓▓


You could see 2 hell hogs.

Vanquished Creatures
  A kraken (D)
  2 sphinxes (D)
  2 deep trolls (D)
  3 manticores (D)
  A merfolk siren (D)
  A yaktaur (D)
  3 polar bears (D)
  A hornet (D)
  2 hippogriffs (D)
  Menkaure (D)
  4 neqoxecs (D)
  A swamp drake (D)
  3 crocodiles (D)
  A scorpion (D)
  4 worker ants (D)
  3 tentacles (D)
33 creatures vanquished.

Vanquished Creatures (others)
  A crocodile (D)
  20 tentacles (D)
21 creatures vanquished.

Grand Total: 54 creatures vanquished

Notes
Turn   | Place    | Note
-------+----------+-------------------------------------------
     0 | D        | Kidiri the Spriggan Enchanter began the quest for the Orb.
     0 | D        | Reached XP level 1. HP: 9/9 MP: 5/5
     1 | D        | Noticed a hippogriff
     1 | D        | Noticed a hippogriff
     5 | D        | Noticed a worker ant
     5 | D        | Noticed a worker ant
     5 | D        | Noticed a worker ant
     5 | D        | Noticed a worker ant
     9 | D        | Noticed a neqoxec
    16 | D        | Killed a worker ant
    16 | D        | Reached skill level 1 in Fighting
    16 | D        | Reached skill level 1 in Armour
    16 | D        | Reached skill level 5 in Stealth
    16 | D        | Reached XP level 2. HP: 14/14 MP: 5/7
    17 | D        | Reached skill level 5 in Dodging
    17 | D        | Reached skill level 6 in Stealth
    17 | D        | Reached XP level 3. HP: 18/18 MP: 5/9
    21 | D        | Learned a level 2 spell: Ensorcelled Hibernation
    25 | D        | Learned a level 3 spell: Confuse
    29 | D        | Learned a level 3 spell: Tukima's Dance
    55 | D        | Reached XP level 4. HP: 23/23 MP: 9/11
    57 | D        | Reached skill level 7 in Stealth
    57 | D        | Reached skill level 5 in Spellcasting
    57 | D        | Reached skill level 5 in Hexes
    62 | D        | Learned a level 3 spell: Dazzling Spray
    81 | D        | Killed a hippogriff
    81 | D        | Reached skill level 5 in Short Blades
    81 | D        | Reached skill level 9 in Stealth
    81 | D        | Reached XP level 5. HP: 4/28 MP: 3/15
    81 | D        | Reached XP level 6. HP: 5/32 MP: 3/17
    84 | D        | Killed a hippogriff
    84 | D        | Reached skill level 10 in Stealth
   361 | D        | Noticed a merfolk siren
   364 | D        | Killed a merfolk siren
   364 | D        | Reached skill level 10 in Dodging
   364 | D        | Reached skill level 11 in Stealth
   364 | D        | Reached XP level 7. HP: 37/37 MP: 18/20
   383 | D        | Killed a neqoxec
   384 | D        | Noticed a neqoxec
   385 | D        | Killed a neqoxec
   385 | D        | Reached skill level 12 in Stealth
   385 | D        | Reached XP level 8. HP: 42/42 MP: 22/22
   390 | D        | Gained mutation: You expend magic power (3 MP) to strengthen your wands. [a neqoxec]
   441 | D        | Noticed an ice statue
   443 | D        | Noticed Menkaure
   462 | D        | Killed Menkaure
   480 | D        | Noticed an orange crystal statue
   487 | D        | Found Obuorama's Book Shop.
   488 | D        | Found Esing's Distillery.
   488 | D        | Found Esmaiss's Jewellery Boutique.
   488 | D        | Found Uvele's Gadget Boutique.
   491 | D        | Reached skill level 10 in Spellcasting
   496 | D        | Found Emid's Distillery.
   496 | D        | Found Qoicu's Jewellery Shop.
   498 | D        | Found Rixtuf's Magic Scroll Shop.
   498 | D        | Found Beniereg's Antique Armour Shop.
   499 | D        | Found Ilent's Food Boutique.
   499 | D        | Found Koufoef's Distillery.
   500 | D        | Found Xeurak's Antique Weapon Boutique.
   502 | D        | Found Icelixt's Jewellery Shop.
   504 | D        | Found Xushreg's Jewellery Boutique.
   504 | D        | Found Ofomiuq's Armour Shop.
   504 | D        | Noticed an oklob plant
   505 | D        | Found Afaxt's Book Shoppe.
   505 | D        | Found Ynibey's Antique Armour Boutique.
   510 | D        | Noticed a fire dragon
   545 | D        | Bought the +1 robe of Qazlal's Delight {rElec rN+} for 334 gold pieces
   558 | D        | Bought a glowing rapier for 168 gold pieces
   569 | D        | Bought a +3 ring of dexterity for 188 gold pieces
   604 | D        | Found a glowing silver altar of Zin.
   610 | D        | Found a glowing golden altar of the Shining One.
   610 | D        | Found a basalt altar of Yredelemnul.
   610 | D        | Found a hide-covered altar of Uskayaw.
   610 | D        | Found a radiant altar of Vehumet.
   611 | D        | Found a shimmering altar of Xom.
   611 | D        | Found a bloodstained altar of Trog.
   611 | D        | Found a burning altar of Makhleb.
   612 | D        | Found an ornate altar of the Wu Jian Council.
   612 | D        | Found a deep blue altar of Sif Muna.
   612 | D        | Found a corrupted altar of Lugonu.
   612 | D        | Found a sparkling altar of Nemelex Xobeh.
   612 | D        | Found a blossoming altar of Fedhas.
   613 | D        | Found a sacrificial altar of Ru.
   613 | D        | Found an ancient bone altar of Kikubaaqudgha.
   613 | D        | Found a white marble altar of Elyvilon.
   614 | D        | Found a stormy altar of Qazlal.
   614 | D        | Found a viscous altar of Jiyva.
   614 | D        | Found a shadowy altar of Dithmenos.
   615 | D        | Found a hazy altar of Hepliaklqana.
   615 | D        | Found a snail-covered altar of Cheibriados.
   617 | D        | Found a roughly hewn altar of Beogh.
   617 | D        | Noticed a hornet
   617 | D        | Noticed a polar bear
   618 | D        | Found an opulent altar of Gozag.
   618 | D        | Found an iron altar of Okawaru.
   618 | D        | Noticed a yaktaur
   619 | D        | Noticed a polar bear
   624 | D        | Became a worshipper of Dithmenos the Shadowed
   628 | D        | Noticed a polar bear
   636 | D        | Killed a polar bear
   636 | D        | Reached skill level 13 in Stealth
   636 | D        | Reached skill level 1 in Invocations
   643 | D        | Killed a hornet
   646 | D        | Killed a polar bear
   646 | D        | Reached * piety under Dithmenos
   646 | D        | Reached skill level 5 in Fighting
   646 | D        | Reached XP level 9. HP: 47/47 MP: 9/24
   652 | D        | Killed a polar bear
   653 | D        | Killed a yaktaur
   653 | D        | Reached skill level 10 in Short Blades
   653 | D        | Reached skill level 14 in Stealth
   675 | D        | Noticed a kraken
   803 | D        | Lost mutation: You expend magic power (3 MP) to strengthen your wands. [potion of mutation]
   803 | D        | Gained mutation: You tend to lose your temper in combat. [potion of mutation]
   803 | D        | Gained mutation: You have a somewhat thin skeletal structure. (Dex +2, Stealth) [potion of mutation]
   803 | D        | Gained mutation: You are somewhat resistant to further mutation. [potion of mutation]
   826 | D        | Noticed a death drake
   838 | D        | Reached ** piety under Dithmenos
  1142 | D        | Noticed a deep troll
  1143 | D        | Noticed a deep troll
  1144 | D        | Killed a deep troll
  1144 | D        | Reached *** piety under Dithmenos
  1144 | D        | Reached skill level 5 in Armour
  1147 | D        | Killed a deep troll
  1147 | D        | Reached skill level 15 in Stealth
  1147 | D        | Reached XP level 10. HP: 53/53 MP: 14/26
  1212 | D        | Noticed a sphinx
  1212 | D        | Paralysed by a sphinx for 3 turns
  1213 | D        | Noticed a sphinx
  1223 | D        | Killed a sphinx
  1228 | D        | Killed a sphinx
  1228 | D        | Reached skill level 15 in Dodging
  1228 | D        | Reached skill level 16 in Stealth
  1228 | D        | Reached skill level 10 in Hexes
  1228 | D        | Reached skill level 5 in Invocations
  1500 | D        | Killed a kraken
  1500 | D        | Reached **** piety under Dithmenos
  1500 | D        | Reached skill level 17 in Stealth
  1500 | D        | Reached XP level 11. HP: 20/58 MP: 24/29
  1903 | D        | Noticed a deep elf master archer
  1906 | D        | Noticed a hell hog
  1906 | D        | Noticed a hell hog
  1913 | D        | Mangled by a hell hog

Vault maps used:
D:        the_violet_keep_of_menkaure

Skill      XL: |  1  2  3  4  5  6  7  8  9 10 11 |
---------------+----------------------------------+-----
Fighting       | 1 2 4 5 6 7 |  7.0
Short Blades   | 2 3 5 7 8 9 10 12 | 12.6
Armour         | 1 2 3 4 5 6 |  6.4
Dodging        | 4 5 8 10 12 13 15 | 15.9
Stealth        | 5 6 9 11 12 13 15 17 | 17.3
Spellcasting   | 3 4 7 8 9 10 11 13 | 13.8
Hexes          | 4 6 7 8 9 10 | 10.8
Invocations    | 2 3 5 6 |  6.1

Action                   |  1- 3 |  4- 6 |  7- 9 | 10-12 || total
-------------------------+-------+-------+-------+-------++-------
Melee: Dagger            |     3 |     6 |    10 |       ||    19
       Rapier            |       |       |    40 |    44 ||    84
 Cast: Ensorcelled Hiber |       |     2 |    10 |     5 ||    17
       Dazzling Spray    |       |     1 |    11 |     9 ||    21
       Confuse           |       |     1 |     4 |       ||     5
Invok: Shadow Step       |       |       |     1 |       ||     1
  Use: Scroll            |       |       |     4 |       ||     4
       Potion            |       |       |     2 |     1 ||     3
 Stab: Sleeping          |     3 |     4 |    10 |     3 ||    20
       Confused          |       |     1 |     2 |       ||     3
       Invisible         |       |       |    10 |     7 ||    17
Armor: Robe              |       |       |     1 |     1 ||     2
Dodge: Dodged            |       |     6 |    43 |    59 ||   108
